 Dungeon Crawl Stone Soup version 0.25.1-9-gc5326a611f (webtiles) character file.

Game seed: 11506158527245024040

22190 pokeman the Eclecticist (level 12, -14/102 HPs)
             Began as a Deep Elf Wizard on Dec 23, 2020.
             Was an Elder of Vehumet.
             Demolished by a phantasmal warrior (26 damage)
             ... led by a death knight
             ... on level 13 of the Dungeon.
             The game lasted 00:52:39 (17087 turns).

pokeman the Eclecticist (Deep Elf Wizard)          Turns: 17087, Time: 00:52:39

Health: -14/102    AC: 10    Str: 11    XL:     12   Next: 60%
Magic:  32/34      EV: 12    Int: 26    God:    Vehumet [****..]
Gold:   753        SH:  0    Dex:  9    Spells: 29/44 levels left

rFire    . . .     SeeInvis .   F - +2 rapier (venom)
rCold    . . .     Gourm    .   (no shield)
rNeg     . . .     Faith    .   H - +0 troll leather armour
rPois    .         Spirit   .   V - +2 helmet of Tartarus {Str+7 Int-3}
rElec    .         Reflect  .   T - +0 cloak
rCorr    .         Harm     .   w - +0 pair of gloves
MR       .....                  (no boots)
Stlth    ..........             N - amulet of the acrobat
HPRegen  0.67/turn              n - -4 ring of dexterity (curse)
MPRegen  0.24/turn              l - ring of wizardry

@: berserking, vulnerable, very quick
A: no striking features
a: Renounce Religion


You were on level 13 of the Dungeon.
You worshipped Vehumet.
Vehumet was greatly pleased with you.
You were not hungry.

You visited 1 branch of the dungeon, and saw 14 of its levels.

You collected 768 gold pieces.
You spent 15 gold pieces at shops.

Inventory:

Hand Weapons
 F - a +2 rapier of venom (weapon)
 Y - a +0 shortbow of flaming
 Z - a +0 shortbow of freezing
Missiles
 u - 87 bolts
 K - 389 arrows
Armour
 g - a +0 tower shield
 w - a +0 pair of gloves (worn)
 H - a +0 troll leather armour (worn)
 T - a +0 cloak (worn)
 V - the +2 helmet of Tartarus (worn) {Str+7 Int-3}
   (You found it on level 11 of the Dungeon)

   It affects your strength (+7).
   It affects your intelligence (-3).
Magical Staves
 z - an uncursed staff of energy {unknown}
Jewellery
 e - an uncursed ring of ice
 l - a ring of wizardry (right hand)
 n - a cursed -4 ring of dexterity (left hand)
 N - an amulet of the acrobat (around neck)
 P - an uncursed ring of protection from magic
Wands
 t - a wand of disintegration (13)
 y - a wand of enslavement (24)
 B - a wand of acid (20)
 C - a wand of random effects (58)
 G - a wand of paralysis (13)
 M - a wand of clouds (1)
 R - a wand of flame (50)
 W - a wand of digging (8)
Scrolls
 a - 2 scrolls of fear {unknown}
 b - a scroll of holy word {unknown}
 h - 10 scrolls of remove curse {unknown}
 i - 3 scrolls of blinking {unknown}
 j - 2 scrolls of amnesia {unknown}
 m - 2 scrolls of noise {unknown}
 o - a scroll of immolation {unknown}
 p - 7 scrolls of teleportation {unknown}
 q - 2 scrolls of enchant armour {unknown}
 s - 2 scrolls of enchant weapon {unknown}
 v - 9 scrolls of identify {unknown}
 A - 4 scrolls of random uselessness {unknown}
 O - a scroll of vulnerability {unknown}
 Q - a scroll of fog {unknown}
Potions
 c - 5 potions of curing
 f - 2 potions of berserk rage
 k - a potion of flight {unknown}
 r - 4 potions of brilliance {unknown}
 x - a potion of stabbing {unknown}
 D - a potion of lignification {unknown}
 E - 2 potions of ambrosia {unknown}
 I - a potion of might {unknown}
 J - a potion of mutation {unknown}
 L - a potion of heal wounds {unknown}
Miscellaneous
 S - a phantom mirror
 X - a lightning rod (4/4)
Comestibles
 d - 31 rations
 U - 8 chunks of flesh


   Skills:
 + Level 4.9 Fighting
 - Level 4.0 Armour
 - Level 3.1 Dodging
 - Level 3.0 Stealth
 - Level 4.0 Shields
 * Level 16.6 Spellcasting
 + Level 10.2 Conjurations
 - Level 2.0 Charms
 - Level 1.1 Summonings
 - Level 1.1 Translocations
 + Level 10.5 Fire Magic
 - Level 1.0 Air Magic
 - Level 1.0 Poison Magic
 - Level 1.0 Evocations


You had 29 spell levels left.
You knew the following spells:

 Your Spells              Type           Power        Failure   Level  Hunger
a - Magic Dart            Conj           ####         1%          1    None
b - Mephitic Cloud        Conj/Pois/Air  #####...     1%          3    None
c - Call Imp              Summ           ####....     1%          2    None
d - Blink                 Tloc           N/A          1%          2    None
e - Conjure Flame         Conj/Fire      ######..     1%          3    None
f - Foxfire               Conj/Fire      ####         1%          1    None
g - Shock                 Conj/Air       ####         1%          1    None
h - Swiftness             Chrm/Air       ####....     1%          2    None

Your spell library contained the following spells:

 Spells                   Type           Power        Failure   Level  Hunger
 Iskenderun's Battlesphe  Conj/Chrm      ######..     1%          5    None
 Slow                     Hex            ###.....     1%          2    None
 Static Discharge         Conj/Air       ######..     1%          3    None
 Lightning Bolt           Conj/Air       ######....   1%          5    None
 Airstrike                Air            ####......   2%          4    None


Dungeon Overview and Level Annotations

Branches:
Dungeon (14/15)            Temple (0/1) D:6            Lair (0/6) D:8
    Orc (0/2) D:10
 Vaults: D:13-14

Altars:
Cheibriados
Dithmenos
Elyvilon
Hepliaklqana
Kikubaaqudgha
Makhleb
Nemelex Xobeh
Qazlal
Ru
Uskayaw
Vehumet
Wu Jian
The Shining One
Beogh

Shops:
D:4 }   D:5 [   D:7 *   D:8 ![%

Annotations:
D:14 3 runed translucent doors, Fyse's ghost, adept GrEE


Message History

Aim: a phantasmal warrior (flame, severely damaged)
The bolt of acid hits the phantasmal warrior!
The phantasmal warrior is splashed with acid.
The acid corrodes the phantasmal warrior!
You destroy the phantasmal warrior!
Vehumet accepts your kill.
You feel your power returning.
A phantasmal warrior comes into view.
It was a potion of berserk rage.
A red film seems to cover your vision as you go berserk!
You feel yourself moving faster!
You feel mighty!
You are too berserk!
You are too berserk!
You feel a strong urge to attack something.
The phantasmal warrior blinks!
You hit the phantasmal warrior.
The phantasmal warrior is lightly damaged.
The phantasmal warrior is engulfed in blazing flames.
The phantasmal warrior hits you!!
You die...

##############
#####............#
..........######☼#
......###.# #@#
.####.# #.# #W# .#
#.# #.# #.# .# #..
#.# #.# .# #.#.#.#
#.# .# #.#[#.# #>#
.# .# . #§#
.####... #.#
........ ..#


You could see a phantasmal warrior.

Vanquished Creatures
  A hydra (D:10)
  2 centaur warriors
  A tengu warrior (D:14)
  2 two-headed ogres
  Pikel (D:7)
  A phantasmal warrior (D:13)
  10 ugly things
  A manticore (D:11)
  6 centaur skeletons
  2 centaur zombies
  An efreet (D:14)
  A queen bee (D:11)
  A tengu conjurer (D:14)
  A troll (D:9)
  Grinder (D:4)
  3 hippogriffs
  A shadow (D:11)
  7 yaks
  Grum (D:10)
  3 vampire mosquitoes (D:14)
  A hungry ghost (D:10)
  2 wargs (D:10)
  An acid dragon (D:14)
  2 water moccasins
  3 ice beasts
  A slave (D:8)
  A black bear (D:6)
  5 orc warriors
  A phantom (D:6)
  7 sky beasts
  A necrophage (D:7)
  2 ogres
  3 wolves (D:10)
  14 centaurs
  A big kobold (D:9)
  4 bullfrogs
  2 scorpions (D:3)
  32 killer bees (D:11)
  3 howler monkeys
  4 wights (D:10)
  5 crimson imps
  A jelly (D:7)
  2 bullfrog zombies
  A bullfrog skeleton (D:7)
  6 hounds
  9 orc priests
  13 orc wizards
  4 iguanas
  10 worker ants
  A hound zombie (D:11)
  3 hound skeletons
  A worker ant zombie (D:7)
  8 gnolls
  A howler monkey skeleton (D:4)
  6 adders
  2 shadow imps
  An ooze (D:2)
  An adder zombie (D:5)
  5 dart slugs
  6 leopard geckos
  40 orcs
  4 giant cockroaches
  4 goblins
  5 hobgoblins
  6 jackals
  12 kobolds
  A quokka (D:2)
  3 ball pythons
  8 bats
  2 frilled lizards (D:1)
  A leopard gecko skeleton (D:4)
  A quokka skeleton (D:4)
  A quokka zombie (D:6)
  8 rats
  A foxfire (D:11)
320 creatures vanquished.

Vanquished Creatures (collateral kills)
  An ugly thing (D:11)
  A hungry ghost (D:14)
  An orc warrior (D:6)
  A bullfrog (D:10)
  A killer bee (D:11)
  A crimson imp (D:7)
  An orc wizard (D:4)
  A gnoll (D:3)
  A kobold (D:3)
  A rat (D:3)
10 creatures vanquished.

Vanquished Creatures (others)
  3 slaves (D:8)
  409 foxfires
  2 fungi (D:10)
  3 plants (D:10)
417 creatures vanquished.

Grand Total: 747 creatures vanquished

Notes
Turn   | Place    | Note
-------+----------+-------------------------------------------
     0 | D:1      | pokeman the Deep Elf Wizard began the quest for the Orb.
     0 | D:1      | Reached XP level 1. HP: 10/10 MP: 7/7
   224 | D:1      | Reached XP level 2. HP: 16/16 MP: 3/9
   717 | D:1      | Reached skill level 5 in Spellcasting
   807 | D:1      | Reached XP level 3. HP: 20/20 MP: 8/11
  1394 | D:1      | Learned a level 3 spell: Mephitic Cloud
  1397 | D:1      | Learned a level 2 spell: Call Imp
  1400 | D:1      | Learned a level 2 spell: Blink
  1404 | D:1      | Learned a level 3 spell: Conjure Flame
  1517 | D:2      | Reached skill level 1 in Armour
  1965 | D:2      | Reached skill level 1 in Fighting
  2324 | D:3      | Reached XP level 4. HP: 25/25 MP: 4/13
  2537 | D:3      | Reached skill level 1 in Shields
  2537 | D:3      | Reached skill level 6 in Spellcasting
  2537 | D:3      | Reached XP level 5. HP: 24/29 MP: 3/15
  2996 | D:3      | Found an ancient bone altar of Kikubaaqudgha.
  3033 | D:3      | Found a shadowy altar of Dithmenos.
  3477 | D:4      | Reached skill level 1 in Fire Magic
  3477 | D:4      | Reached skill level 1 in Air Magic
  3481 | D:4      | Reached XP level 6. HP: 34/34 MP: 7/17
  3782 | D:4      | Noticed Grinder
  3818 | D:3      | Reached skill level 7 in Spellcasting
  4015 | D:4      | Paralysed by Grinder for 3 turns
  4161 | D:4      | Paralysed by Grinder for 7 turns
  4172 | D:4      | Killed Grinder
  4172 | D:4      | Reached XP level 7. HP: 31/38 MP: 13/19
  4380 | D:4      | Reached skill level 1 in Poison Magic
  4549 | D:4      | Found Veiweplo's Gadget Shoppe.
  4778 | D:5      | Entered Level 5 of the Dungeon
  4949 | D:5      | Found a stormy altar of Qazlal.
  4950 | D:5      | Found Inaomeu's Armour Emporium.
  5120 | D:5      | Found a white marble altar of Elyvilon.
  5120 | D:5      | Found a sparkling altar of Nemelex Xobeh.
  5121 | D:5      | Found a snail-covered altar of Cheibriados.
  5611 | D:5      | Found a radiant altar of Vehumet.
  5635 | D:5      | Became a worshipper of Vehumet
  6898 | D:6      | Found a staircase to the Ecumenical Temple.
  6937 | D:6      | Reached skill level 1 in Evocations
  6947 | D:6      | Reached skill level 8 in Spellcasting
  6999 | D:5      | Reached XP level 8. HP: 6/44 MP: 2/22
  7647 | D:6      | Reached skill level 5 in Fire Magic
  7937 | D:6      | Reached skill level 9 in Spellcasting
  8077 | D:6      | Noticed a two-headed ogre
  8112 | D:6      | Killed a two-headed ogre
  8112 | D:6      | Reached skill level 10 in Spellcasting
  8112 | D:6      | Reached skill level 5 in Conjurations
  8116 | D:6      | Reached XP level 9. HP: 48/48 MP: 7/25
  9333 | D:7      | Reached * piety under Vehumet
  9333 | D:7      | Offered knowledge of Foxfire by Vehumet.
  9337 | D:7      | Learned a level 1 spell: Foxfire
  9515 | D:7      | Reached skill level 11 in Spellcasting
 10092 | D:7      | Found Ulemaq's Assorted Antiques.
 10097 | D:7      | Learned a level 1 spell: Shock
 10100 | D:7      | Learned a level 2 spell: Swiftness
 10352 | D:8      | Noticed Pikel
 10394 | D:7      | Killed Pikel
 10628 | D:8      | Found Losevaqo's Distillery.
 10638 | D:8      | Bought a potion of degeneration for 15 gold pieces
 10644 | D:8      | Found a staircase to the Lair.
 10757 | D:8      | Found Nenk's Food Boutique.
 10763 | D:8      | Found a hazy altar of Hepliaklqana.
 10917 | D:8      | Found Jaosm's Antique Armour Boutique.
 11122 | D:8      | Found a glowing golden altar of the Shining One.
 11345 | D:8      | Reached ** piety under Vehumet
 11345 | D:8      | Offered knowledge of Freeze by Vehumet.
 11467 | D:9      | Reached skill level 12 in Spellcasting
 11467 | D:9      | Reached XP level 10. HP: 39/53 MP: 26/28
 11908 | D:9      | Found a burning altar of Makhleb.
 11911 | D:9      | Found a shadowy altar of Dithmenos.
 11911 | D:9      | Found an ornate altar of the Wu Jian Council.
 11919 | D:9      | Found a hide-covered altar of Uskayaw.
 12327 | D:10     | Entered Level 10 of the Dungeon
 12327 | D:10     | Noticed a six-headed hydra
 12699 | D:10     | Noticed Grum
 12710 | D:10     | Killed Grum
 12757 | D:10     | Offered knowledge of Ignite Poison by Vehumet.
 12936 | D:10     | Reached skill level 13 in Spellcasting
 13081 | D:10     | Found a staircase to the Orcish Mines.
 13142 | D:10     | Noticed a two-headed ogre
 13174 | D:10     | Killed a two-headed ogre
 13293 | D:10     | Killed a six-headed hydra
 13293 | D:10     | Reached *** piety under Vehumet
 13662 | D:10     | Found a sacrificial altar of Ru.
 13807 | D:11     | Reached XP level 11. HP: 59/59 MP: 21/30
 14132 | D:11     | Got a faintly humming helmet
 14143 | D:11     | Identified the +2 helmet of Tartarus {Str+7 Int-3} (You
                  | found it on level 11 of the Dungeon)
 14251 | D:11     | Noticed a purple ugly thing
 14260 | D:11     | Killed a purple ugly thing
 14260 | D:11     | Reached skill level 14 in Spellcasting
 14308 | D:11     | Offered knowledge of Iskenderun's Mystic Blast by Vehumet.
 14688 | D:11     | Reached **** piety under Vehumet
 14729 | D:11     | Noticed a brown ugly thing
 15109 | D:11     | Killed a brown ugly thing
 15252 | D:12     | Noticed a centaur warrior
 15273 | D:12     | Killed a centaur warrior
 15309 | D:12     | Offered knowledge of Iskenderun's Battlesphere by Vehumet.
 15604 | D:12     | You fall into a shaft and drop 2 floors!
 15614 | D:14     | Reached skill level 15 in Spellcasting
 15638 | D:14     | Noticed a purple ugly thing
 15638 | D:14     | Noticed a purple ugly thing
 15638 | D:14     | Noticed a purple ugly thing
 15694 | D:14     | Noticed a tengu warrior
 15717 | D:14     | Killed a tengu warrior
 15833 | D:14     | Killed a purple ugly thing
 15873 | D:14     | Noticed a purple ugly thing
 15873 | D:14     | Killed a purple ugly thing
 15873 | D:14     | Reached XP level 12. HP: 44/66 MP: 28/33
 16036 | D:14     | Reached skill level 10 in Fire Magic
 16288 | D:14     | Reached skill level 16 in Spellcasting
 16467 | D:14     | Reached skill level 10 in Conjurations
 16563 | D:14     | Noticed a rakshasa
 16797 | D:14     | Found a runed translucent gate.
 16797 | D:14     | Found a runed translucent gate.
 16799 | D:14     | Found a runed translucent gate.
 16800 | D:14     | Noticed Fyse's ghost (adept GrEE)
 16801 | D:14     | Identified the +10 great mace "Secret Weapon" {flame, rPois
                  | Str-4 Dex+2}
 16801 | D:14     | Identified the +3 chain mail "Dyxopn" {*Slow Regen+ rCorr
                  | Int-3}
 16801 | D:14     | Noticed an orc warlord
 16803 | D:14     | Found a roughly hewn altar of Beogh.
 16991 | D:13     | Noticed a centaur warrior
 16997 | D:13     | Killed a centaur warrior
 17087 | D:13     | Demolished by a phantasmal warrior

Illustrated notes

Levels and vault maps discovered:
D:1:      enne_arrival_octagon_isle, layout_loops_ring, st_stairs_5
D:2:      layout_loops_ring, first_ration
D:3:      layout_basic, kiku_gazebo_pond_becter, nicolae_dithmenos_shadow_blocks
D:4:      layout_loops_ring, serial_shops, shop, nrook_loot_triangle,
          uniq_grinder
D:5:      layout_basic, nicolae_qazlal_general_emergency,
          nicolae_overflow_quartered_altars, serial_shops, kennysheep_mini,
          chequers_avenue
D:6:      layout_cave_pools, minmay_temple_entry_proselytizer
D:7:      layout_cave_pods, serial_shops, nicolae_shop_crystal
D:8:      layout_loops_ring, nicolae_overflow_crystal_walls, old_standard_altar,
          lair_entry_dummy, serial_shops, shop, shop_statue,
          nicolae_shop_waterfront, uniq_pikel
D:9:      layout_irregular_city, grunt_temple_overflow_open, grunt_pizzeria
D:10:     layout_roguey, erik_orc_4, nicolae_ru_the_path_less_chosen, uniq_grum
D:11:     layout_roguey, special_room [special_room_bee]
D:12:     layout_basic, hangedman_tree_tricks, uniq_nessos
D:13:     layout_loops_ring, skrybe_vaults_entry_preservation
D:14:     layout_basic, hangedman_decor_diamond_cutter,
          biasface_ghost_orc_armoury

Skill      XL: |  1  2  3  4  5  6  7  8  9 10 11 12 |
---------------+-------------------------------------+-----
Spellcasting   | 5 6 7 8 10 12 13 15 16 | 16.6
Armour         | 1 2 4 |  4.0
Fighting       | 1 2 4 |  4.9
Conjurations   | 2 3 4 5 6 8 9 10 | 10.2
Dodging        | 3 |  3.1
Shields        | 1 3 4 |  4.0
Fire Magic     | 1 3 4 5 7 8 9 10 | 10.5
Air Magic      | 1 |  1.0
Poison Magic   | 1 |  1.0
Stealth        | 3 |  3.0
Evocations     | 1 |  1.0
Charms         | 2 |  2.0
Summonings     | |  1.1
Translocations | |  1.1

Action                   |  1- 3 |  4- 6 |  7- 9 | 10-12 || total
-------------------------+-------+-------+-------+-------++-------
Melee: Unarmed           |       |     7 |       |       ||     7
       Dagger            |       |     1 |    38 |       ||    39
       Rapier            |       |       |    41 |   180 ||   221
 Cast: Magic Dart        |   107 |    98 |   220 |    47 ||   472
       Conjure Flame     |       |     5 |    11 |    54 ||    70
       Mephitic Cloud    |       |     4 |    25 |    50 ||    79
       Call Imp          |       |     1 |     9 |    16 ||    26
       Blink             |       |       |     7 |     9 ||    16
       Foxfire           |       |       |    73 |   157 ||   230
       Shock             |       |       |     4 |   165 ||   169
Evoke: Wand              |       |       |     1 |     7 ||     8
  Use: Potion            |       |     1 |       |     1 ||     2
 Stab: Confused          |       |       |     4 |     9 ||    13
  Eat: Chunk             |     4 |     4 |    20 |    15 ||    43
       Ration            |       |       |     1 |     1 ||     2
Armor: Leather armour    |     3 |     3 |    29 |     1 ||    36
       Troll leather arm |       |       |       |    90 ||    90
Dodge: Dodged            |    10 |    17 |    73 |   190 ||   290
